 Dungeon Crawl Stone Soup version 0.25-a0-667-gb977e01cb5 (webtiles) character file.

Game seed: 4898231121115432206, levelgen mode: deterministic

21170 nono the Fighter (level 12, -1/70 HPs)
             Began as a Vine Stalker Hunter on Mar 27, 2020.
             Was a High Priest of Okawaru.
             Slain by Quyjis's ghost (19 damage)
             ... on level 4 of the Lair of Beasts.
             The game lasted 00:34:10 (9441 turns).

nono the Fighter (Vine Stalker Hunter)              Turns: 9441, Time: 00:34:11

Health: -1/70      AC: 17    Str: 26    XL:     12   Next: 87%
Magic:  0/26       EV: 17    Int:  8    God:    Okawaru [*****.]
Gold:   483        SH:  0    Dex: 20    Spells: 11/11 levels left

rFire    . . .     SeeInvis .   w - +8 quarterstaff of Loef Volei {drain, Dex+5}
rCold    . . .     Gourm    .   (shield currently unavailable)
rNeg     . . .     Faith    .   b - +1 plate armour "Omiwkumm" {Regen+ Str+6 Int-3}
rPois    .         Spirit   +   s - +1 hat
rElec    .         Reflect  .   i - +1 cloak
rCorr    .         Harm     .   (no gloves)
MR       +....                  (no boots)
Stlth    ..........             K - amulet of regeneration
HPRegen  1.81/turn              u - ring of magical power
MPRegen  0.20/turn              v - +5 ring of evasion

@: finesse
A: fangs 3, regeneration 2, magic shield, antimagic bite, no potion heal 3, rot
immunity
a: Heroism, Finesse, Renounce Religion


You were on level 4 of the Lair of Beasts.
You worshipped Okawaru.
Okawaru was extremely pleased with you.
You were not hungry.

You visited 3 branches of the dungeon, and saw 13 of its levels.

You collected 522 gold pieces.
You spent 39 gold pieces at shops.

Inventory:

Hand Weapons
 a - a +0 short sword
 w - the +8 quarterstaff of Loef Volei (weapon) {drain, Dex+5}
   (You found it on level 5 of the Dungeon)

   A truly terrible weapon, it drains the life of those it strikes.
   It affects your dexterity (+5).
 I - a +3 broad axe of flaming
 T - a +0 club
Missiles
 c - 3 javelins (quivered)
 M - 2 atropa-tipped darts
 P - 2 throwing nets
Armour
 b - the +1 plate armour "Omiwkumm" (worn) {Regen+ Str+6 Int-3}
   (You found it on level 8 of the Dungeon)

   It affects your strength (+6).
   It affects your intelligence (-3).
   It increases your rate of regeneration.
 h - a +0 kite shield
 i - a +1 cloak (worn)
 s - a +1 hat (worn)
 H - +0 steam dragon scales
 J - the +6 chain mail "Wuprayn" {Dex+4}
   (You found it on level 8 of the Dungeon)

   It affects your dexterity (+4).
 N - a +1 buckler of poison resistance
 O - the +0 kite shield of Leinol {rElec MR+, unknown}
   (Okawaru gifted it to you on level 2 of the Lair of Beasts)

   It insulates you from electricity.
   It affects your resistance to hostile enchantments.
 S - the +2 pair of gloves "Ekhlesava" {rF- rN++ rCorr Stlth-}
   (Okawaru gifted it to you on level 3 of the Lair of Beasts)

   It makes you vulnerable to fire.
   It greatly protects you from negative energy.
   It provides partial protection from all sources of acid and corrosion.
   It makes you less stealthy.
Jewellery
 j - an uncursed ring of ice
 u - a ring of magical power (left hand)
 v - a +5 ring of evasion (right hand)
 y - an uncursed ring of protection from cold {unknown}
 C - an uncursed ring of poison resistance {unknown}
 K - an amulet of regeneration (around neck)
Wands
 d - a wand of random effects (19)
 x - a wand of disintegration (30)
 D - a wand of enslavement (5)
 G - a wand of polymorph (12)
 L - a wand of clouds (4)
Scrolls
 g - 4 scrolls of remove curse
 l - 3 scrolls of identify
 n - 5 scrolls of enchant armour
 o - a scroll of fear
 q - 3 scrolls of amnesia
 r - 4 scrolls of teleportation
 Q - a scroll of enchant weapon
 U - a scroll of blinking {unknown}
Potions
 e - 2 potions of might
 k - 6 potions of haste
 m - 2 potions of flight
 p - a potion of degeneration {unknown}
 t - 3 potions of curing {unknown}
 z - 3 potions of heal wounds {unknown}
 A - 3 potions of stabbing {unknown}
 B - 2 potions of invisibility
 E - a potion of lignification {unknown}
 F - a potion of cancellation {unknown}
 R - a potion of mutation {unknown}
Comestibles
 f - 24 rations
 V - 4 chunks of flesh


   Skills:
 - Level 11.0 Fighting
 - Level 5.9 Short Blades
 + Level 3.2 Maces & Flails
 - Level 3.6 Throwing
 - Level 7.0 Armour
 - Level 7.3 Dodging
 - Level 1.2 Stealth
 - Level 7.6 Shields
 - Level 6.0 Invocations


You had 11 spell levels left.
You didn't know any spells.
Your spell library contained the following spells:

 Spells                   Type           Power        Failure   Level  Hunger
 Corona                   Hex            #......      99%         1    ##.....
 Shock                    Conj/Air       #...         99%         1    ##.....
 Corpse Rot               Necr/Air       N/A          100%        2    ###....
 Ensorcelled Hibernation  Hex/Ice        #.....       100%        2    ###....
 Swiftness                Chrm/Air       #.......     100%        2    ###....
 Confusing Touch          Hex            #.......     100%        3    ####...
 Dazzling Flash           Conj/Hex       #.....       100%        3    ####...
 Static Discharge         Conj/Air       #.......     100%        3    ####...
 Tukima's Dance           Hex            #.......     100%        3    ####...
 Airstrike                Air            #.........   100%        4    #####..
 Bolt of Magma            Conj/Fire/Erth #.........   100%        5    ######.
 Lightning Bolt           Conj/Air       #.........   100%        5    ######.
 Deflect Missiles         Chrm/Air       #.........   100%        6    #######
 Freezing Cloud           Conj/Ice/Air   #.........   100%        6    #######


Dungeon Overview and Level Annotations

Branches:
Dungeon (8/15)             Temple (1/1) D:5            Lair (4/6) D:8
 Shoals (0/4) Lair:2       Spider (0/4) Lair:2

Altars:
Ashenzari
Dithmenos
Elyvilon
Makhleb
Okawaru
Qazlal
Trog
Uskayaw
Vehumet
Wu Jian
Yredelemnul
Zin
The Shining One

Shops:
D:6 *

Annotations:
Lair:4 Quyjis's ghost, journeyman DDGl


Innate Abilities, Weirdness & Mutations

You have razor-sharp teeth.
You heal very quickly.
When hurt, damage is shared between your health and your magic reserves.
Your bite disrupts and absorbs the magic of your enemies.
Potions cannot restore your health.
You are immune to rotting.


Message History

Quyjis's ghost is severely damaged.
You barely miss Quyjis's ghost.
You bite Quyjis's ghost, but do no damage.
Quyjis's ghost is severely damaged.
Quyjis's ghost barely misses you.
You thump Quyjis's ghost! Your bite misses Quyjis's ghost.
Quyjis's ghost is severely damaged.
You feel like a meek peon again.
You hit Quyjis's ghost but do no damage.
You bite Quyjis's ghost, but do no damage.
Quyjis's ghost is severely damaged.
Quyjis's ghost hits you!!
* * * LOW HITPOINT WARNING * * *
You closely miss Quyjis's ghost.
You bite Quyjis's ghost, but do no damage.
Quyjis's ghost is severely damaged.
You hit Quyjis's ghost. Your bite misses Quyjis's ghost.
Quyjis's ghost is severely damaged.
Quyjis's ghost hits you!!
You die...

#...........PP#P##.
#................÷
###.................
##...................
##....#..###...######P
#.......##⌠##..# #.
###....##...##..# ###P
#..>..##..!..##.###.#.
...##..@W...♣!.⌠#.......
........##..%..##.......
.........##...##..P##...
####......##⌠##..# ###.
#........###.. #.
#...##....... #P. #...
#...##P ##. ##.. .#.P #.
..


You could see Quyjis's ghost.

Vanquished Creatures
  Fannar (Lair:1)
  2 hydras
  A queen ant (Lair:3)
  Nergalle (Lair:1)
  A deep elf mage (D:8)
  A wolf spider (Lair:2)
  Maurice (D:8)
  2 merfolk sirens (Lair:2)
  3 black mambas
  5 spiny frogs
  Maggie (D:8)
  A rime drake (Lair:4)
  2 komodo dragons
  2 ice devils (Lair:1)
  2 merfolk (Lair:2)
  A hornet (D:8)
  A slime creature (D:8)
  5 hippogriffs
  A spriggan (D:7)
  2 basilisks
  A wyvern (D:8)
  16 yaks
  A steam dragon (Lair:2)
  A hungry ghost (D:7)
  Edmund (D:5)
  4 water moccasins
  20 soldier ants (Lair:3)
  A porcupine (Lair:3)
  2 slaves (D:4)
  An ice beast (D:6)
  14 wolves (Lair:3)
  An ogre (D:4)
  A necrophage (D:8)
  A phantom (D:6)
  3 centaurs
  9 crocodiles
  6 bullfrogs
  A gnoll sergeant (D:8)
  A wyvern skeleton (D:8)
  A scorpion (D:5)
  A wight (D:8)
  A howler monkey (D:4)
  2 crimson imps
  A quasit (D:8)
  6 hounds
  5 jellies
  6 orc priests
  A gnoll shaman (D:7)
  6 orc wizards
  An iguana (D:6)
  19 worker ants
  2 worker ant zombies
  18 gnolls
  12 adders
  3 shadow imps
  9 oozes
  An adder skeleton (D:5)
  3 worms
  5 dart slugs
  A leopard gecko (D:3)
  32 orcs
  4 giant cockroaches
  6 goblins
  6 hobgoblins
  6 jackals
  16 kobolds
  2 quokkas
  A ball python (D:1)
  9 bats
  2 frilled lizards
  A leopard gecko skeleton (D:6)
  2 rats
312 creatures vanquished.

Vanquished Creatures (others)
  3 fungi (Lair:3)
  7 toadstools (D:3)
10 creatures vanquished.

Grand Total: 322 creatures vanquished

Notes
Turn   | Place    | Note
-------+----------+-------------------------------------------
     0 | D:1      | nono the Vine Stalker Hunter began the quest for the Orb.
     0 | D:1      | Reached XP level 1. HP: 11/11 MP: 2/2
    33 | D:1      | Reached skill level 2 in Fighting
    81 | D:1      | Reached XP level 2. HP: 14/15 MP: 1/3
    83 | D:1      | Reached skill level 1 in Short Blades
   387 | D:1      | Reached XP level 3. HP: 17/19 MP: 2/4
  1081 | D:2      | Reached skill level 3 in Fighting
  1081 | D:2      | Gained mutation: Your natural rate of healing is unusually
                  | fast. [Vine Stalker growth]
  1081 | D:2      | Reached XP level 4. HP: 18/24 MP: 5/5
  1313 | D:2      | Found a faded altar of an unknown god.
  1645 | D:2      | Reached XP level 5. HP: 24/28 MP: 4/6
  2331 | D:3      | Reached skill level 4 in Fighting
  2331 | D:3      | Reached XP level 6. HP: 31/33 MP: 7/7
  2548 | D:4      | Noticed a slave
  2566 | D:4      | Killed a slave
  2570 | D:4      | Noticed a slave
  2570 | D:4      | Noticed a slave
  2660 | D:4      | Killed a slave
  2720 | D:5      | Entered Level 5 of the Dungeon
  2829 | D:4      | Reached XP level 7. HP: 38/38 MP: 8/8
  2926 | D:4      | Reached skill level 5 in Fighting
  3150 | D:4      | Got a smoking quarterstaff
  3157 | D:4      | Identified the cursed +3 quarterstaff of Destiny {vorpal,
                  | MR+ Int+3 SInv} (You found it on level 4 of the Dungeon)
  3357 | D:5      | Noticed Edmund
  3533 | D:5      | Found an ornate altar of the Wu Jian Council.
  3548 | D:5      | Found a staircase to the Ecumenical Temple.
  3562 | D:5      | Reached skill level 5 in Short Blades
  3585 | Temple   | Entered the Ecumenical Temple
  3592 | Temple   | Became a worshipper of Warmaster Okawaru
  3738 | D:5      | Killed Edmund
  3738 | D:5      | Gained mutation: You have razor-sharp teeth. [Vine Stalker
                  | growth]
  3738 | D:5      | Reached XP level 8. HP: 23/44 MP: 9/9
  3918 | D:5      | Reached skill level 6 in Fighting
  4261 | D:5      | Got a twisted quarterstaff
  4262 | D:5      | Identified the +8 quarterstaff of Loef Volei {drain, Dex+5}
                  | (You found it on level 5 of the Dungeon)
  4513 | D:6      | Reached * piety under Okawaru
  4539 | D:6      | Reached skill level 1 in Armour
  4680 | D:6      | Found Guikul's General Store.
  4688 | D:6      | Bought a scroll of teleportation for 39 gold pieces
  5083 | D:6      | Reached skill level 7 in Fighting
  5138 | D:6      | Reached XP level 9. HP: 50/50 MP: 10/10
  5363 | D:7      | Reached ** piety under Okawaru
  5692 | D:7      | Reached *** piety under Okawaru
  5832 | D:8      | Reached skill level 8 in Fighting
  6002 | D:8      | Reached skill level 1 in Shields
  6025 | D:8      | Noticed Maggie
  6035 | D:8      | Killed Maggie
  6035 | D:8      | Reached **** piety under Okawaru
  6035 | D:8      | Reached XP level 10. HP: 37/57 MP: 11/11
  6092 | D:8      | Got a pearl-encrusted chain mail
  6106 | D:8      | Identified the +6 chain mail "Wuprayn" {Dex+4} (You found
                  | it on level 8 of the Dungeon)
  6128 | D:8      | Noticed a deep elf mage
  6129 | D:8      | Paralysed by a hornet for 3 turns
  6132 | D:8      | Noticed a seven-headed hydra
  6160 | D:8      | Killed a seven-headed hydra
  6160 | D:8      | Reached skill level 9 in Fighting
  6166 | D:8      | Killed a deep elf mage
  6259 | D:8      | Received a gift from Okawaru
  6306 | D:8      | Identified Siosuire's Reference Book on the Rocks and
                  | Flight
  6308 | D:8      | Got a shimmering plate armour
  6319 | D:8      | Identified the cursed +1 plate armour "Omiwkumm" {Regen+
                  | Str+6 Int-3} (You found it on level 8 of the Dungeon)
  6484 | D:8      | Noticed Maurice
  6494 | D:8      | Killed Maurice
  6494 | D:8      | Reached ***** piety under Okawaru
  6513 | D:8      | Reached skill level 5 in Dodging
  6513 | D:8      | Reached skill level 5 in Shields
  6550 | D:8      | Found a staircase to the Lair.
  6557 | Lair:1   | Entered Level 1 of the Lair of Beasts
  6667 | Lair:1   | Found a frozen archway.
  6677 | Lair:1   | Reached skill level 1 in Invocations
  6721 | Lair:1   | Reached XP level 11. HP: 63/63 MP: 13/13
  6731 | Lair:1   | Reached skill level 5 in Armour
  6847 | Lair:1   | Noticed Nergalle
  6847 | Lair:1   | Noticed Fannar
  6868 | Lair:1   | Killed Fannar
  6868 | Lair:1   | Reached skill level 10 in Fighting
  6883 | Lair:1   | Killed Nergalle
  7491 | Lair:2   | Received a gift from Okawaru
  7492 | Lair:2   | Found a staircase to the Shoals.
  7501 | Lair:2   | Got a scorched kite shield {god gift}
  7733 | Lair:2   | Found a hole to the Spider Nest.
  7733 | Lair:2   | Noticed a wolf spider
  7742 | Lair:2   | Killed a wolf spider
  8311 | Lair:3   | Gained mutation: You heal very quickly. [Vine Stalker
                  | growth]
  8311 | Lair:3   | Reached XP level 12. HP: 65/68 MP: 16/16
  8469 | Lair:3   | Reached skill level 5 in Invocations
  8594 | Lair:3   | Reached ****** piety under Okawaru
  8603 | Lair:3   | Received a gift from Okawaru
  8619 | Lair:3   | Got a pair of ancient gloves {god gift}
  8625 | Lair:3   | Identified the +2 pair of gloves "Ekhlesava" {rF- rN++
                  | rCorr Stlth-} (Okawaru gifted it to you on level 3 of the
                  | Lair of Beasts)
  8659 | Lair:3   | Noticed a queen ant
  8673 | Lair:3   | Killed a queen ant
  8787 | Lair:3   | Reached skill level 11 in Fighting
  9345 | Lair:4   | Noticed Quyjis's ghost (journeyman DDGl)
  9358 | Lair:4   | Noticed an eight-headed hydra
  9363 | Lair:4   | Reached skill level 1 in Maces & Flails
  9370 | Lair:4   | Killed an eight-headed hydra
  9403 | Lair:4   | Found a runed translucent door.
  9441 | Lair:4   | Slain by Quyjis's ghost

Levels and vault maps discovered:
D:1:      co_arrival_square_in_a_square_in_a_square, layout_loops_ring
D:2:      layout_basic, chequers_ecumenical_altar_island, minmay_hedge_maze,
          kennysheep_generic_room_11
D:3:      cheibrodos_fertilizer, layout_loops_cross, first_ration
D:4:      layout_basic, uniq_pikel
D:5:      layout_basic, nicolae_overflow_hidden_temple,
          minmay_temple_entry_butterflies, uniq_edmund
D:6:      layout_loops_ring, serial_shops, shop, kennysheep_opposing_triangles
D:7:      layout_basic, the_bakery
D:8:      layout_loops_ring, erik_lair_dragon, minmay_the_grid_2x2
          [minmay_the_grid_embedded, minmay_the_grid_small_cups,
          minmay_the_grid_holed_spiral,
          minmay_the_grid_prize_four_corners_diamond_b], uniq_maurice,
          uniq_erica, uniq_maggie
Temple:   compressed_dpeg_triangle_lava_temple
Lair:1:   layout_regular_city, portal_ice_cave_demonic_guard,
          infiniplex_staircase_pool, uniq_nergalle, uniq_fannar
Lair:2:   layout_gridlike, elwin_shoals_entry_stream, spider_nest_entry_rubble
Lair:3:   layout_chaotic_city, minivault_29
Lair:4:   layout_small_grid, hellmonk_ghost_happy_afterlife

Skill      XL: |  1  2  3  4  5  6  7  8  9 10 11 12 |
---------------+-------------------------------------+-----
Fighting       | 2 3 4 5 7 8 9 10 11 | 11.0
Short Blades   | 1 2 3 4 5 |  5.9
Armour         | 2 4 6 7 |  7.0
Dodging        | 3 4 5 6 7 |  7.3
Shields        | 2 5 6 7 |  7.6
Invocations    | 1 4 6 |  6.0
Maces & Flails | 3 |  3.2
Throwing       | |  3.6
Stealth        | |  1.2

Action                   |  1- 3 |  4- 6 |  7- 9 | 10-12 || total
-------------------------+-------+-------+-------+-------++-------
Melee: Short sword       |    70 |   234 |   202 |       ||   506
       Bite              |    12 |    77 |   124 |   214 ||   427
       Quarterstaff      |       |       |   159 |   449 ||   608
Throw: Javelin           |    10 |    20 |     2 |       ||    32
       Throwing net      |       |     2 |       |       ||     2
Invok: Heroism           |       |       |     1 |    12 ||    13
       Finesse           |       |       |       |     1 ||     1
  Use: Scroll            |       |     6 |     1 |     9 ||    16
       Potion            |       |       |     1 |       ||     1
 Stab: Sleeping          |       |     2 |       |       ||     2
       Held in net/web   |       |     3 |       |       ||     3
  Eat: Chunk             |       |     6 |    13 |    11 ||    30
Armor: Leather armour    |    40 |    61 |       |       ||   101
       Chain mail        |       |    24 |   171 |    13 ||   208
       Scale mail        |       |     1 |       |       ||     1
       Plate armour      |       |       |       |   175 ||   175
Dodge: Dodged            |    77 |   129 |   201 |   477 ||   884

Table legend:
 A = Non-vault XP
 B = Vault XP
 C = Vault XP percentage of total XP
 D = Non-vault monster count
 E = Vault monster count
 F = Vault count percentage of total count
                 A         B        C        D         E       F
            +---------+---------+-------+---------+---------+-------
      Total |   16258 |   13985 |  46.2 |     224 |      86 |  27.7
            +---------+---------+-------+---------+---------+-------
        D:1 |      42 |       0 |   0.0 |      20 |       0 |   0.0
        D:2 |     126 |       0 |   0.0 |      22 |       0 |   0.0
        D:3 |     160 |     194 |  54.8 |      25 |      18 |  41.9
        D:4 |     309 |       0 |   0.0 |      19 |       0 |   0.0
        D:5 |     442 |     169 |  27.7 |      19 |       1 |   5.0
        D:6 |     932 |     119 |  11.3 |      28 |       2 |   6.7
        D:7 |     899 |     224 |  19.9 |      19 |       1 |   5.0
        D:8 |     329 |    4298 |  92.9 |      10 |      18 |  64.3
     Lair:1 |    2070 |    2410 |  53.8 |      10 |       4 |  28.6
     Lair:2 |    3067 |    2018 |  39.7 |      12 |       5 |  29.4
     Lair:3 |    5941 |    4553 |  43.4 |      35 |      37 |  51.4
     Lair:4 |    1941 |       0 |   0.0 |       5 |       0 |   0.0
            +---------+---------+-------+---------+---------+-------
